 Dungeon Crawl Stone Soup version 0.29.0-4-gdea44cf6ec (webtiles) character file.

Game seed: 15426452702434569452

821 qw the Grappler (level 7, -9/67 HPs)
             Began as a Troll Cinder Acolyte on Sept 2, 2022.
             Was an Elder of Ignis.
             Mangled by an ogre
             ... wielding a +0 giant club
              (22 damage)
             ... on level 5 of the Dungeon.
             The game lasted 00:02:22 (3721 turns).

qw the Grappler (Troll Cinder Acolyte)              Turns: 3721, Time: 00:02:23

Health: -9/67      AC: 12    Str: 25    XL:     7   Next: 63%
Magic:  7/7        EV:  9    Int: 10    God:    Ignis [****..]
Gold:   322        SH:  0    Dex:  5    Spells: 8/8 levels left

rFire   + . .      SeeInvis .     - Unarmed
rCold   . . .      Faith    .   (no shield)
rNeg    . . .      Spirit   .   a - +0 robe
rPois   .          Reflect  .   (helmet restricted)
rElec   .          Harm     .   d - +0 cloak
rCorr   +          Rampage  .   (gloves unavailable)
Will    .....                   (boots unavailable)
Stlth   +.........              (no amulet)
HPRegen 1.01/turn               i - ring of resist corrosion
MPRegen 0.10/turn               (no ring)

@: fiery-armoured
A: large, unfitting armour, claws 3, regeneration 1, shaggy fur 1, tough skin 1
a: Renounce Religion, Fiery Armour, Foxfire Swarm, Rising Flame


You were on level 5 of the Dungeon.
You worshipped Ignis.
Ignis was greatly pleased with you.
You visited 1 branch of the dungeon, and saw 5 of its levels.

You collected 322 gold pieces.


Innate Abilities, Weirdness & Mutations

You are too large for most types of armour.
You have claws for hands.
Your natural rate of healing is unusually fast.
You are covered in fur. (AC +1)
You have tough skin. (AC +1)


   Skills:
 - Level 3.0 Fighting
 + Level 8.9 Unarmed Combat
 - Level 1.0 Spellcasting
 - Level 2.1 Fire Magic


You had 8 spell levels left.
You didn't know any spells.
Your spell library contained the following spells:

 Spells                   Type           Power      Damage    Failure   Level
 Scorch                   Fire           8%         2d5       22%         2

Inventory:

Missiles
 j - 3 boomerangs (quivered)
Armour
 a - a +0 robe (worn)
 d - a +0 cloak (worn)
Jewellery
 c - a ring of ice
 f - an amulet of regeneration
 i - a ring of resist corrosion (left claw)
Scrolls
 h - 8 scrolls of identify
 l - a scroll of noise {unknown}
 n - a scroll of fog {unknown}
Potions
 b - a potion of mutation
 e - 2 potions of curing {unknown}
 g - a potion of might
 k - 2 potions of heal wounds {unknown}
 m - a potion of attraction {unknown}
 o - a potion of cancellation {unknown}

Dungeon Overview and Level Annotations

Branches:
Dungeon (5/15)             Temple (0/1) D:4

Altars:
Kikubaaqudgha
Qazlal
Uskayaw


Message History

You feel a bit more experienced.
You start resting.
HP restored.
Items here: %% )) [.
h - 8 scrolls of identify (gained 1)
o - a pink potion
Found a stone staircase leading up.
Enter note:
Enter note:
Enter note:
There is a stone staircase leading up here.
An ogre comes into view. It is wielding a +0 giant club.
The ogre shouts!
Throw: 3 boomerangs
Press: ? - help, Q - select action Shift-Dir - straight line, f - ogre You throw a boomerang.
The boomerang barely misses the ogre.
Throw: 3 boomerangs
Press: ? - help, Q - select action Shift-Dir - straight line, f/p - ogre You throw a boomerang.
The boomerang hits the ogre.
The ogre is lightly wounded.
You barely miss the ogre.
The ogre hits you with a +0 giant club!!
You scratch the ogre but do no damage. You claw the ogre!
The ogre is moderately wounded.
The ogre closely misses you.
You scratch the ogre.
The ogre is heavily wounded.
You barely miss the ogre.
The ogre is heavily wounded.
The ogre hits you with a +0 giant club!
You claw the ogre!
The ogre is severely wounded.
The ogre hits you with a +0 giant club!!
3720 ||| INVOKING Fiery Armour.
A protective cloak of flame settles atop you.
You barely miss the ogre.
The ogre is severely wounded.
The ogre hits you with a +0 giant club!!
You die...

#### .... ..... .....
####### ...... ......##
###..... .......##
###$O.# ........# ##.<@#
# ........#####..### .#
......>.##.....## #.#
...........##...# #..##
........###...#.####.....
.......####..............
............#####........
........##.###.......###.
...........#.............


You could see an ogre.

Vanquished Creatures
  2 phantoms (D:5)
  A gnoll sergeant (D:5)
  A necrophage (D:5)
  A scorpion (D:4)
  A hound (D:5)
  A jelly (D:4)
  2 orc wizards (D:5)
  Natasha (thrice) (D:4)
  An iguana (D:5)
  6 adders
  10 gnolls
  A worm (D:3)
  16 dart slugs
  5 orcs
  8 endoplasms
  2 giant cockroaches
  7 goblins
  13 hobgoblins
  4 jackals (D:2)
  7 quokkas
  3 ball pythons
  5 bats
  5 kobolds
  5 rats
110 creatures vanquished.

Vanquished Creatures (others)
  8 plants (D:2)
8 creatures vanquished.

Grand Total: 118 creatures vanquished

Notes
Turn   | Place    | Note
-------+----------+-------------------------------------------
     0 | D:1      | qw the Troll Cinder Acolyte began the quest for the Orb.
     0 | D:1      | Reached XP level 1. HP: 22/22 MP: 1/1
     0 | D:1      | 0 ||| qw: Version: 0.1-a-97-g2dd2ca4
     0 | D:1      | 0 ||| qw: Game counter: 4981
     0 | D:1      | 0 ||| qw: Always use a shield: true
     0 | D:1      | 0 ||| qw: God list: Okawaru
     0 | D:1      | 0 ||| qw: Allow faded altars: false
     0 | D:1      | 0 ||| qw: Do Orc after D:15 true
     0 | D:1      | 0 ||| qw: Do second Lair branch before Depths: true
     0 | D:1      | 0 ||| qw: Lair rune preference: random
     0 | D:1      | 0 ||| qw: Plans: Normal
     0 | D:1      | 0 ||| PLANNING D:1-11
   262 | D:1      | 262 ||| Stepping ~*~*~tactically~*~*~ (stealth).
   271 | D:1      | Reached XP level 2. HP: 29/29 MP: 2/2
   753 | D:1      | 753 ||| READING scroll labelled UTZINO BANK.
   786 | D:2      | Reached skill level 4 in Unarmed Combat
   851 | D:2      | Reached XP level 3. HP: 36/36 MP: 3/3
   855 | D:2      | 855 ||| INVOKING Fiery Armour.
  1038 | D:2      | 1038 ||| Stepping ~*~*~tactically~*~*~ (hiding).
  1154 | D:2      | 1154 ||| INVOKING Fiery Armour.
  1159 | D:2      | Reached skill level 5 in Unarmed Combat
  1159 | D:2      | Reached XP level 4. HP: 41/44 MP: 4/4
  1251 | D:2      | 1251 ||| Stepping ~*~*~tactically~*~*~ (stealth).
  1307 | D:2      | 1307 ||| Stepping ~*~*~tactically~*~*~ (stealth).
  1313 | D:2      | 1313 ||| Stepping ~*~*~tactically~*~*~ (outnumbered).
  1543 | D:2      | 1543 ||| UPGRADING to ring of resist corrosion.
  1544 | D:2      | 1544 ||| READING 3 scrolls labelled LUGASH YDDOYR.
  1545 | D:2      | 1545 ||| READING scroll labelled MEWNOFIANO.
  1546 | D:2      | 1546 ||| READING scroll labelled XELIRUYVESH.
  1547 | D:2      | 1547 ||| READING scroll labelled LOSOUC DA MOA.
  1548 | D:2      | 1548 ||| READING 2 scrolls of identify.
  1548 | D:2      | 1548 ||| IDENTIFYING fizzy sapphire potion
  1549 | D:2      | 1549 ||| Stepping randomly (stuck).
  1550 | D:2      | 1550 ||| Stepping ~*~*~tactically~*~*~ (cloud).
  1587 | D:2      | 1587 ||| Stepping ~*~*~tactically~*~*~ (stealth).
  1647 | D:3      | 1647 ||| Stepping ~*~*~tactically~*~*~ (stealth).
  1762 | D:3      | Reached XP level 5. HP: 48/50 MP: 5/5
  1771 | D:3      | 1771 ||| Stepping ~*~*~tactically~*~*~ (hiding).
  1796 | D:3      | 1796 ||| FLEEEEING.
  1797 | D:3      | 1797 ||| FLEEEEING.
  1798 | D:3      | 1798 ||| FLEEEEING.
  1799 | D:3      | 1799 ||| FLEEEEING.
  1800 | D:3      | 1800 ||| FLEEEEING.
  1801 | D:3      | 1801 ||| FLEEEEING.
  1891 | D:3      | Reached skill level 6 in Unarmed Combat
  2150 | D:3      | Found a faded altar of an unknown god.
  2158 | D:3      | 2158 ||| Stepping ~*~*~tactically~*~*~ (stealth).
  2159 | D:3      | 2159 ||| Stepping ~*~*~tactically~*~*~ (stealth).
  2166 | D:3      | 2166 ||| FLEEEEING.
  2279 | D:3      | Found an ancient bone altar of Kikubaaqudgha.
  2289 | D:3      | Found a hide-covered altar of Uskayaw.
  2293 | D:3      | Found a stormy altar of Qazlal.
  2394 | D:3      | 2394 ||| Stepping ~*~*~tactically~*~*~ (hiding).
  2396 | D:3      | 2396 ||| Stepping ~*~*~tactically~*~*~ (hiding).
  2522 | D:3      | 2522 ||| READING scroll labelled VONLIGH BYOLOE.
  2523 | D:3      | 2523 ||| READING scroll labelled AMIOZA XUORIS.
  2524 | D:3      | 2524 ||| DRINKING 2 sedimented red potions.
  2625 | D:3      | 2625 ||| DRINKING 2 sapphire potions.
  2626 | D:3      | 2626 ||| READING 3 scrolls of identify.
  2626 | D:3      | 2626 ||| IDENTIFYING blue potion
  2627 | D:3      | 2627 ||| READING 2 scrolls of identify.
  2627 | D:3      | 2627 ||| IDENTIFYING glowing purple potion
  2628 | D:3      | 2628 ||| DROPPING potion of lignification.
  2629 | D:3      | 2629 ||| DROPPING potion of flight.
  2630 | D:3      | 2630 ||| DROPPING potion of ambrosia.
  2691 | D:4      | 2691 ||| Stepping ~*~*~tactically~*~*~ (outnumbered).
  2692 | D:4      | 2692 ||| Stepping ~*~*~tactically~*~*~ (outnumbered).
  2693 | D:4      | 2693 ||| Stepping ~*~*~tactically~*~*~ (outnumbered).
  2835 | D:4      | Noticed Natasha
  2839 | D:4      | Killed Natasha
  2853 | D:4      | Reached XP level 6. HP: 54/59 MP: 6/6
  2919 | D:4      | Reached skill level 7 in Unarmed Combat
  2949 | D:4      | 2949 ||| Stepping ~*~*~tactically~*~*~ (hiding).
  2953 | D:4      | 2953 ||| Stepping ~*~*~tactically~*~*~ (stealth).
  2981 | D:4      | Found a staircase to the Ecumenical Temple.
  3002 | D:4      | Noticed Natasha
  3003 | D:4      | 3003 ||| Stepping ~*~*~tactically~*~*~ (stealth).
  3004 | D:4      | 3004 ||| Stepping ~*~*~tactically~*~*~ (stealth).
  3005 | D:4      | 3005 ||| Stepping ~*~*~tactically~*~*~ (stealth).
  3006 | D:4      | 3006 ||| Stepping ~*~*~tactically~*~*~ (stealth).
  3011 | D:4      | Killed Natasha
  3068 | D:4      | Noticed Natasha
  3073 | D:4      | Killed Natasha
  3233 | D:4      | 3233 ||| UPGRADING to +0 cloak.
  3238 | D:4      | 3238 ||| READING scroll labelled DADUYWADEN.
  3239 | D:4      | 3239 ||| READING scroll labelled HUZITRU FIYSAOTYVI.
  3340 | D:4      | 3340 ||| READING scroll labelled FYALE MYET.
  3364 | D:5      | Entered Level 5 of the Dungeon
  3478 | D:5      | 3478 ||| INVOKING Fiery Armour.
  3495 | D:5      | Reached skill level 8 in Unarmed Combat
  3495 | D:5      | Reached XP level 7. HP: 65/66 MP: 7/7
  3521 | D:5      | Reached skill level 3 in Fighting
  3642 | D:5      | 3642 ||| Stepping ~*~*~tactically~*~*~ (hiding).
  3648 | D:5      | 3648 ||| Stepping ~*~*~tactically~*~*~ (outnumbered).
  3649 | D:5      | 3649 ||| Stepping ~*~*~tactically~*~*~ (outnumbered).
  3651 | D:5      | 3651 ||| Stepping ~*~*~tactically~*~*~ (outnumbered).
  3652 | D:5      | 3652 ||| Stepping ~*~*~tactically~*~*~ (outnumbered).
  3653 | D:5      | 3653 ||| Stepping ~*~*~tactically~*~*~ (outnumbered).
  3654 | D:5      | 3654 ||| Stepping ~*~*~tactically~*~*~ (outnumbered).
  3719 | D:5      | HP: 11/67 [ogre/+0 giant club (30)]
  3720 | D:5      | 3720 ||| INVOKING Fiery Armour.
  3721 | D:5      | Mangled by an ogre

Levels and vault maps discovered:
D:1:      dpeg_arrival_simpleton_a, layout_basic, chequers_arboretum
D:2:      layout_basic, serial_forest, infiniplex_forest_straight_1,
          infiniplex_forest_clump_diagonal, infiniplex_forest_clump_diagonal,
          infiniplex_forest_fountain, infiniplex_forest_lined_4_way,
          infiniplex_forest_zigzag_2, st_stairs_5
D:3:      kennysheep_slugbush, layout_loops_ring, grunt_temple_overflow_diamond,
          ebering_ecumenical_altar_sacrificial
D:4:      layout_basic, minmay_temple_entry_grid, uniq_natasha
D:5:      layout_rooms, serial_glass, glass_columns_a, glass_columns_c,
          st_stairs_9, kennysheep_boxes

Skill      XL: |  1  2  3  4  5  6  7 |
---------------+----------------------+-----
Unarmed Combat | 4 5 6 8 |  8.9
Fighting       | 3 |  3.0
Spellcasting   | |  1.0
Fire Magic     | |  2.1

Action                   |  1- 3 |  4- 6 |  7- 9 || total
-------------------------+-------+-------+-------++-------
Melee: Unarmed           |    79 |   174 |    31 ||   284
       Punch             |       |     3 |       ||     3
Throw: Boomerang         |       |    27 |    12 ||    39
Invok: Fiery Armour      |     2 |     1 |     1 ||     4
  Use: Scroll            |     1 |    12 |       ||    13
       Potion            |       |     2 |       ||     2
Armor: Robe              |    31 |    43 |     8 ||    82
Dodge: Dodged            |    32 |    68 |     5 ||   105

Table legend:
 A = Non-vault XP
 B = Vault XP
 C = Vault XP percentage of total XP
 D = Non-vault monster count
 E = Vault monster count
 F = Vault count percentage of total count
                 A         B        C        D         E       F
            +---------+---------+-------+---------+---------+-------
      Total |    1053 |     121 |  10.3 |      95 |      15 |  13.6
            +---------+---------+-------+---------+---------+-------
        D:1 |      25 |       0 |   0.0 |      15 |       0 |   0.0
        D:2 |     149 |       3 |   2.0 |      32 |       2 |   5.9
        D:3 |      52 |      38 |  42.2 |      14 |      10 |  41.7
        D:4 |     254 |      35 |  12.1 |      19 |       1 |   5.0
        D:5 |     573 |      45 |   7.3 |      15 |       2 |  11.8
            +---------+---------+-------+---------+---------+-------
